 Dungeon Crawl Stone Soup version 0.31-a0-700-gf135852 (webtiles) character file.

Game seed: 507048897519776601

70 BarneyGumball the Digger (level 4, -1/24 HPs)
             Began as a Deep Elf Earth Elementalist on Sept 7, 2023.
             Slain by an iguana (14 damage)
             ... on level 4 of the Dungeon.
             The game lasted 00:07:36 (2516 turns).

BarneyGumball the Digger (DEEE)                     Turns: 2516, Time: 00:07:36

Health: -1/24      AC:  2    Str:  5    XL:     4   Next: 3%
Magic:  3/10       EV: 18    Int: 22    God:
Gold:   151        SH:  0    Dex: 18    Spells: 5/9 levels left

rFire   . . .        y - +2 dagger (venom)
rCold   . . .        (no shield)
rNeg    . . .        a - +0 robe
rPois   .            (no helmet)
rElec   .            (no cloak)
rCorr   .            (no gloves)
SInv    +            (no boots)
Will    +....        (no amulet)
Stlth   ++           d - +5 ring of evasion
HPRegen 0.24/turn    r - ring of the Fortune-Teller {Will+ Dex+3 SInv}
MPRegen 0.12/turn

%: no passive effects
@: no status effects
A: no striking features
a: no special abilities


You were on level 4 of the Dungeon.
You visited 1 branch of the dungeon, and saw 4 of its levels.

You collected 229 gold pieces.
You spent 78 gold pieces at shops.

Inventory:

Hand Weapons
 y - a +2 dagger of venom (weapon)
Missiles
 t - a throwing net
 u - 2 poisoned darts (quivered)
Armour
 a - a +0 robe (worn)
Magical Staves
 l - a staff of conjuration
Jewellery
 d - a +5 ring of evasion (left hand)
 q - an amulet of faith
 r - the ring of the Fortune-Teller (right hand) {Will+ Dex+3 SInv}
   (You found it on level 3 of the Dungeon)

   [ring of willpower]

   Dex+3:     It affects your dexterity (+3).
   Will+:     It increases your willpower.
   SInv:      It lets you see invisible.
 w - a ring of magical power
Wands
 s - a wand of polymorph (11)
Scrolls
 c - 2 scrolls of fog {unknown}
 g - a scroll of enchant weapon {unknown}
 j - 3 scrolls of identify {unknown}
 m - a scroll of fear {unknown}
 n - a scroll of blinking {unknown}
 p - a scroll of amnesia {unknown}
 v - a scroll of revelation {unknown}
Potions
 b - a potion of magic
 e - a potion of haste {unknown}
 f - a potion of cancellation {unknown}
 h - a potion of lignification {unknown}
 i - 4 potions of curing {unknown}
 k - a potion of enlightenment {unknown}
 o - 2 potions of heal wounds
 x - a potion of resistance {unknown}


   Skills:
 + Level 0.8 Polearms
 - Level 2.4 Dodging
 - Level 2.4 Stealth
 - Level 3.0 Spellcasting
 + Level 2.5 Conjurations
 - Level 1.1 Transmutations
 + Level 4.3 Earth Magic


You had 5 spell levels left.
You knew the following spells:

 Your Spells              Type           Power      Damage    Failure   Level
a - Sandblast             Erth           44%        2d11      2%          1
b - Stone Arrow           Conj/Erth      36%        3d9       10%         3

Your spell library contained the following spells:

 Spells                   Type           Power      Damage    Failure   Level
 Passwall                 Tmut/Erth      12%        N/A       6%          2
 Shock                    Conj/Air       32%        1d5       8%          1
 Lesser Beckoning         Tloc           6%         N/A       19%         2
 Gell's Gravitas          Tloc           3%         N/A       36%         3
 Swiftness                Air            3%         N/A       36%         3
 Teleport Other           Tloc           3%         N/A       36%         3
 Petrify                  Tmut/Erth      15%        N/A       38%         4
 Airstrike                Air            1%         2d(1-17)  77%         4


Dungeon Overview and Level Annotations

Branches:
Dungeon (4/15)
 Temple: D:4-7

Altars:

Shops:
D:2 [!


Message History

Aim: an iguana (severely wounded, 85% to hit)
The blast of sand misses the iguana.
The iguana closely misses you. The iguana bites you!
You barely miss the iguana.
The iguana is severely wounded.
The iguana misses you.
Casting: Sandblast (safe; 2% risk of failure)
Confirm with . or Enter, or press ? or * to list all spells.
Aiming: Sandblast (safe; 2% risk of failure)
Press: ? - help, Shift-Dir - straight line, f/p - iguana
Aim: an iguana (severely wounded, 85% to hit)
The blast of sand hits the iguana but does no damage.
The iguana is severely wounded.
The iguana barely misses you.
Casting: Sandblast (safe; 2% risk of failure)
Confirm with . or Enter, or press ? or * to list all spells.
Aiming: Sandblast (safe; 2% risk of failure)
Press: ? - help, Shift-Dir - straight line, f/p - iguana
Aim: an iguana (severely wounded, 85% to hit)
The blast of sand misses the iguana.
The iguana misses you. The iguana completely misses you.
Casting: Sandblast (safe; 2% risk of failure)
Confirm with . or Enter, or press ? or * to list all spells.
Aiming: Sandblast (safe; 2% risk of failure)
Press: ? - help, Shift-Dir - straight line, f/p - iguana
Aim: an iguana (severely wounded, 85% to hit)
The blast of sand hits the iguana.
The iguana is almost dead.
The iguana bites you.
Casting: Sandblast (safe; 2% risk of failure)
Confirm with . or Enter, or press ? or * to list all spells.
Aiming: Sandblast (safe; 2% risk of failure)
Press: ? - help, Shift-Dir - straight line, f/p - iguana
Aim: an iguana (almost dead, 85% to hit)
The blast of sand hits the iguana but does no damage.
The iguana is almost dead.
The iguana hisses menacingly.
The iguana misses you. The iguana bites you!
Ouch! That really hurt!
You die...

#.............
#.##
#####'####....
..# #.##<#....
..# #.##.#....
..# #.##.#....
#.# #.##.#....
#.# #.#..#.###
#l# #.#.##.# #@#
#.#....#
#.#######.####.#
#.........# ###
###########


You could see an iguana.

Vanquished Creatures
  An adder (D:2)
  A worm (D:2)
  2 dart slugs (D:2)
  An orc (D:3)
  3 bats
  5 endoplasms
  A giant cockroach (D:1)
  4 goblins
  7 hobgoblins
  6 kobolds
  3 quokkas
  4 ball pythons
  3 frilled lizards
  7 rats
48 creatures vanquished.

Notes
Turn   | Place    | Note
-------+----------+-------------------------------------------
     0 | D:1      | BarneyGumball the Deep Elf Earth Elementalist began the
                  | quest for the Orb.
     0 | D:1      | Reached XP level 1. HP: 10/10 MP: 6/6
   157 | D:1      | Reached skill level 1 in Conjurations
   206 | D:1      | Reached XP level 2. HP: 15/15 MP: 5/8
  1126 | D:2      | Found Onlitox's Distillery.
  1134 | D:2      | Reached skill level 4 in Earth Magic
  1134 | D:2      | Reached XP level 3. HP: 19/19 MP: 5/9
  1169 | D:2      | Bought a potion of degeneration for 13 gold pieces
  1169 | D:2      | Bought a potion of heal wounds for 65 gold pieces
  1517 | D:2      | Found Doroozoj's Armour Shop.
  1628 | D:2      | Learned a level 3 spell: Stone Arrow
  1852 | D:3      | Identified the ring of the Fortune-Teller {Will+ Dex+3
                  | SInv}
  2310 | D:3      | Reached XP level 4. HP: 24/24 MP: 8/10
  2440 | D:4      | Noticed a scorpion
  2516 | D:4      | Slain by an iguana

Illustrated notes

Levels and vault maps discovered:
D:1:      roderic_dead_forest, layout_loops_ring
D:2:      layout_loops_corners, serial_shops, shop, shop
D:3:      layout_rooms, nicolae_kite_square_tiling_tiny
D:4:      layout_basic, minmay_temple_entry_grid, serial_shops, shop,
          nrook_campfire

Skill      XL: |  1  2 |
---------------+-------+-----
Conjurations   | 1 2 |  2.5
Earth Magic    | 4 |  4.3
Polearms       | |  0.8
Dodging        | |  2.4
Stealth        | |  2.4
Spellcasting   | |  3.0
Transmutations | |  1.1

Action                     |  1- 3 |  4- 6 || total
---------------------------+-------+-------++-------
  Melee: Dagger            |     3 |     1 ||     4
  Throw: Dart              |       |     2 ||     2
   Cast: Sandblast         |    64 |     9 ||    73
 Armour: Robe              |     7 |     3 ||    10
  Dodge: Dodged            |     7 |     8 ||    15

Table legend: (Time is in decaauts)
 A = Elapsed time spent in this place.
 B = Non-inter-level travel time spent in this place.
 C = Inter-level travel time spent in this place.
 D = Time resting spent in this place.
 E = Time spent auto-exploring this place.
 F = Levels seen in this place.
 G = Mean time per level.
                   A        B        C        D        E       F      G
               +--------+--------+--------+--------+--------+-----+--------+
         Total |   2548 |   2459 |     89 |      0 |   2146 |   4 |  637.0 |
       Dungeon |   2548 |   2459 |     89 |      0 |   2146 |   4 |  637.0 |
               +--------+--------+--------+--------+--------+-----+--------+

Top non-repeatable levels by time:
     D:2: 999 daAuts
     D:1: 864 daAuts
     D:3: 618 daAuts
     D:4: 66 daAuts
